[Event "December 5 Late 2023"]
[Site "https://www.chess.com"]
[Date "2023.12.05"]
[Round "8"]
[White "Shapiro, Viktor"]
[Black "Tari, Aryan"]
[Result "0-1"]
[Board "40"]
[TimeControl "180+1"]
[WhiteFideId "4175700"]
[BlackFideId "1510045"]
[WhiteElo "2531"]
[BlackElo "2984"]
[WhiteTeam "RUS"]
[BlackTeam "NOR"]
[WhiteClock "0:00:00"]
[BlackClock "0:00:04"]

1. c4 b6 2. Nf3 Bb7 3. Nc3 c5 4. e4 Nf6 5. d3 d6 6. g3 g6 7. Bg2 Bg7 8. O-O O-O 9. a3 Nbd7 10. Rb1 Rc8 11. h3 a6 12. b4 cxb4 13. Rxb4 Rc7 14. Be3 b5 15. Nd5 Nxd5 16. cxd5 Nc5 17. Bd4 Bxd4 18. Nxd4 Qd7 19. h4 Rfc8 20. Kh2 Qd8 21. Bh3 Ra8 22. h5 Qf8 23. f4 Qg7 24. f5 a5 25. f6 exf6 26. Rxb5 f5 27. Nc6 Bxc6 28. dxc6 fxe4 29. dxe4 Qe5 30. hxg6 hxg6 31. Qd5 Qxe4 32. Qxe4 Nxe4 33. Bg2 Nc5 34. Bd5 Kg7 35. Re1 a4 36. Kg2 Rh8 37. Rh1 Re8 38. Rf1 Re5 39. Rd1 Re2+ 40. Kg1 Re3 41. Kf2 Rxa3 42. Ra5 Rc3 43. Rb1 a3 44. Rb8 Nd3+ 45. Kg2 Nc5 46. Rba8 Rd3 47. Bf3 d5 48. Rxc5 d4 49. Rb5 Rd2+ 50. Kg1 a2 51. Rb7 Rxc6 52. Bxc6 Rd1+ 53. Kf2 a1=Q 54. Rxa1 Rxa1 55. Bd5 Kf6 56. Rxf7+ Ke5 57. Bf3 Ra2+ 58. Kf1 d3 59. Rf4 g5 60. Re4+ Kf5 61. Rc4 Ra1+ 62. Kf2 d2 0-1

[Event "December 5 Late 2023"]
[Site "https://www.chess.com"]
[Date "2023.12.05"]
[Round "8"]
[White "Sanchez Alvares, Kelvin Antonio"]
[Black "Hong, Andrew"]
[Result "0-1"]
[Board "41"]
[TimeControl "180+1"]
[WhiteFideId "3906680"]
[BlackFideId "2099438"]
[WhiteElo "2531"]
[BlackElo "2837"]
[WhiteTeam "VEN"]
[BlackTeam "USA"]
[WhiteClock "0:00:36"]
[BlackClock "0:01:42"]

1. e4 Nf6 2. e5 Nd5 3. c4 Nb6 4. d4 d6 5. f4 g6 6. Nc3 Bg7 7. Be3 O-O 8. c5 dxc5 9. dxc5 N6d7 10. Nf3 b6 11. cxb6 axb6 12. Be2 Bb7 13. O-O e6 14. Qc2 Nc6 15. a3 Ne7 16. Rad1 Nd5 17. Nxd5 Bxd5 18. Bc4 c6 19. Bxd5 cxd5 20. Rc1 Qc8 21. Qb3 Qb7 22. Rc3 Rfc8 23. Rfc1 Bf8 24. Rxc8 Rxc8 25. Rxc8 Qxc8 26. h3 Bc5 27. Qc3 Bxe3+ 28. Qxe3 Qc2 29. Qd4 Nc5 30. Kh2 Qc1 31. Qd2 Qc4 32. b4 Nd3 33. Kg3 Qb3 34. Qe3 Qxa3 35. Ne1 Qc1 36. Qxc1 Nxc1 37. Kf3 Na2 38. Ke3 Nxb4 0-1

[Event "December 5 Late 2023"]
[Site "https://www.chess.com"]
[Date "2023.12.05"]
[Round "8"]
[White "Gabuzyan, Hovhannes"]
[Black "Makaraci, Tunahan"]
[Result "1-0"]
[Board "42"]
[TimeControl "180+1"]
[WhiteFideId "13303732"]
[BlackFideId "6356559"]
[WhiteElo "2824"]
[BlackElo "2528"]
[WhiteTeam "ARM"]
[BlackTeam "TUR"]
[WhiteClock "0:02:27"]
[BlackClock "0:00:01"]

1. e4 Nf6 2. e5 Nd5 3. c4 Nb6 4. d4 d6 5. exd6 cxd6 6. Nc3 g6 7. Be3 Bg7 8. b3 O-O 9. Rc1 Bf5 10. Be2 d5 11. c5 Nc8 12. g4 Bd7 13. f4 Nc6 14. h3 g5 15. f5 e5 16. fxe6 fxe6 17. Nf3 h6 18. Qd2 N8e7 19. h4 e5 20. hxg5 Rxf3 21. Bxf3 exd4 22. gxh6 Ne5 23. O-O Nxf3+ 24. Rxf3 dxe3 25. Qd3 Bxh6 26. Nxd5 Nxd5 27. Qg6+ Bg7 28. Qf7+ Kh7 29. Rh3+ 1-0

[Event "December 5 Late 2023"]
[Site "https://www.chess.com"]
[Date "2023.12.05"]
[Round "8"]
[White "Adewumi, Tanitoluwa"]
[Black "Pasti, Aron"]
[Result "1-0"]
[Board "43"]
[TimeControl "180+1"]
[WhiteFideId "30966396"]
[BlackFideId "785857"]
[WhiteElo "2735"]
[BlackElo "2516"]
[WhiteTeam "USA"]
[BlackTeam "HUN"]
[WhiteClock "0:00:13"]
[BlackClock "0:00:00"]

1. Nf3 d5 2. b3 Nf6 3. Bb2 e6 4. g3 Be7 5. Bg2 O-O 6. O-O c5 7. d3 Nc6 8. Nbd2 a5 9. a4 Qc7 10. e4 Rd8 11. Qe2 dxe4 12. dxe4 e5 13. Nc4 Bg4 14. c3 Nd7 15. Ne3 Be6 16. Nd5 Qb8 17. Rad1 Bf8 18. Ng5 Bxd5 19. exd5 Ne7 20. d6 Nf5 21. Qc4 Nh6 22. Bd5 Nb6 23. Nxf7 Nxf7 24. Bxf7+ Kh8 25. Qe4 Rxd6 26. c4 Nd7 27. Qh4 Raa6 28. f4 exf4 29. Qxf4 Rxd1 30. Rxd1 Qxf4 31. gxf4 Rd6 32. Bd5 1-0

[Event "December 5 Late 2023"]
[Site "https://www.chess.com"]
[Date "2023.12.05"]
[Round "8"]
[White "Lin, Bryan Enming"]
[Black "Djokic, Mihailo"]
[Result "0-1"]
[Board "44"]
[TimeControl "180+1"]
[WhiteFideId "30987121"]
[BlackFideId "976440"]
[WhiteElo "2516"]
[BlackElo "2707"]
[WhiteTeam "USA"]
[BlackTeam "SRB"]
[WhiteClock "0:01:23"]
[BlackClock "0:00:24"]

1. e4 c5 2. Nf3 d6 3. d4 cxd4 4. Nxd4 Nf6 5. Nc3 g6 6. Be3 Bg7 7. f3 O-O 8. Qd2 Nc6 9. O-O-O Bd7 10. h4 Rc8 11. Kb1 Ne5 12. Nd5 Nxd5 13. exd5 Qc7 14. h5 Nc4 15. Bxc4 Qxc4 16. hxg6 fxg6 17. Nb3 Bf5 18. Rc1 a5 19. Bh6 a4 20. Bxg7 axb3 21. Bc3 bxc2+ 22. Ka1 Ra8 23. a3 Rxa3+ 24. bxa3 Qb3 25. Bb4 Ra8 26. Rxc2 Bxc2 27. Qc1 Qxb4 0-1

[Event "December 5 Late 2023"]
[Site "https://www.chess.com"]
[Date "2023.12.05"]
[Round "8"]
[White "Panesar Vedant"]
[Black "Rogov, Matfey"]
[Result "1-0"]
[Board "45"]
[TimeControl "180+1"]
[WhiteFideId "35033018"]
[BlackFideId "44191308"]
[WhiteElo "2697"]
[BlackElo "2515"]
[WhiteTeam "IND"]
[BlackTeam "RUS"]
[WhiteClock "0:00:27"]
[BlackClock "0:00:00"]

1. e4 e6 2. d4 d5 3. Nc3 Nf6 4. e5 Nfd7 5. f4 c5 6. Nf3 Nc6 7. Be3 Be7 8. Qd2 O-O 9. dxc5 Qa5 10. a3 Bxc5 11. Bxc5 Nxc5 12. Bd3 Nxd3+ 13. Qxd3 b6 14. O-O-O Ba6 15. Qd2 Rfd8 16. Kb1 b5 17. Nd4 Nxd4 18. Qxd4 Rdc8 19. Qd2 Rc4 20. g3 Rac8 21. Na2 Qc7 22. Rc1 Bb7 23. Rhe1 a5 24. b3 Rc6 25. Kb2 g6 26. h4 Rd8 27. h5 d4 28. h6 Qb6 29. g4 Rc5 30. f5 b4 31. axb4 axb4 32. Nxb4 Rc3 33. Na2 Rc5 34. fxg6 fxg6 35. Qg5 1-0

[Event "December 5 Late 2023"]
[Site "https://www.chess.com"]
[Date "2023.12.05"]
[Round "8"]
[White "Slugin, Sergey"]
[Black "Calin, Alexandru"]
[Result "1-0"]
[Board "46"]
[TimeControl "180+1"]
[WhiteFideId "4122569"]
[BlackFideId "1222961"]
[WhiteElo "2696"]
[BlackElo "2513"]
[WhiteTeam "RUS"]
[BlackTeam "ROU"]
[WhiteClock "0:00:09"]
[BlackClock "0:00:00"]

1. d4 Nf6 2. c4 e6 3. Nc3 Bb4 4. Qc2 O-O 5. Bg5 d5 6. cxd5 exd5 7. e3 h6 8. Bh4 c6 9. Bd3 Nbd7 10. Ne2 Re8 11. O-O Nf8 12. a3 Be7 13. b4 Ne4 14. Bxe7 Qxe7 15. b5 Bd7 16. bxc6 Bxc6 17. Nf4 Rac8 18. Ncxd5 Qd6 19. Qa2 g5 20. Bxe4 Rxe4 21. Nh5 Nd7 22. Nb4 Rh4 23. Ng3 Be4 24. Rac1 Re8 25. Qc4 Nf6 26. Qc7 Qe6 27. Rc5 Ng4 28. h3 Bxg2 29. Kxg2 Nxe3+ 30. fxe3 Qxh3+ 31. Kf3 g4+ 32. Ke2 Qg2+ 33. Rf2 Qg1 34. Qxf7+ Kh8 35. Qxe8+ 1-0

[Event "December 5 Late 2023"]
[Site "https://www.chess.com"]
[Date "2023.12.05"]
[Round "8"]
[White "Papasimakopoulos, Alexandros"]
[Black "Rees, Ioan"]
[Result "1-0"]
[Board "47"]
[TimeControl "180+1"]
[WhiteFideId "4244125"]
[BlackFideId "1801236"]
[WhiteElo "2647"]
[BlackElo "2503"]
[WhiteTeam "GRE"]
[BlackTeam "WLS"]
[WhiteClock "0:01:50"]
[BlackClock "0:00:17"]

1. d4 Nf6 2. c4 e6 3. Nc3 Bb4 4. Qc2 O-O 5. a3 Bxc3+ 6. Qxc3 b5 7. cxb5 c6 8. Bg5 cxb5 9. e3 Bb7 10. Nf3 Ne4 11. Bxd8 Nxc3 12. Be7 Re8 13. bxc3 Rxe7 14. Bxb5 d6 15. Be2 Rc7 16. Kd2 Nc6 17. Rhb1 Rac8 18. c4 Na5 19. Rb4 Bxf3 20. gxf3 Nxc4+ 21. Bxc4 Rxc4 22. Rxc4 Rxc4 23. Rb1 g5 24. Rb4 Rxb4 25. axb4 Kf8 26. Kc3 Ke7 27. Kc4 Kd7 28. Kb5 Kc7 29. Ka6 Kb8 30. f4 gxf4 31. exf4 h6 32. f5 exf5 33. f4 Ka8 34. d5 Kb8 35. h4 h5 36. b5 Ka8 37. b6 f6 38. Kb5 Kb7 39. bxa7 Kxa7 40. Kc6 1-0

[Event "December 5 Late 2023"]
[Site "https://www.chess.com"]
[Date "2023.12.05"]
[Round "8"]
[White "Keleberda, Tymur"]
[Black "Goltsev, Dmitry"]
[Result "1-0"]
[Board "48"]
[TimeControl "180+1"]
[WhiteFideId "14174294"]
[BlackFideId "24176710"]
[WhiteElo "2511"]
[BlackElo "2646"]
[WhiteTeam "CAN"]
[BlackTeam "RUS"]
[WhiteClock "0:00:18"]
[BlackClock "0:00:00"]

1. e4 e6 2. d4 d5 3. Nc3 c5 4. exd5 exd5 5. dxc5 Nf6 6. Be3 Nc6 7. Bb5 Be7 8. Nge2 O-O 9. O-O Bg4 10. Qd3 Ne5 11. Qd4 Ng6 12. h3 Bf5 13. Ng3 Be6 14. f4 Qc7 15. Nce2 a6 16. Bd3 Nd7 17. Nh5 f6 18. b4 Bf7 19. c4 Nh4 20. cxd5 Bxh5 21. d6 Qd8 22. Qe4 Bg6 23. dxe7 Bxe4 24. exd8=Q Raxd8 25. Bxe4 Rfe8 26. Nc3 Kh8 27. Rae1 b6 28. c6 Nf8 29. Bxb6 Rb8 30. Na4 Ne6 31. Bd5 Nf8 32. Rxe8 Rxe8 33. c7 Nf5 34. Bb7 Nd6 35. Bxa6 Nd7 36. Bc5 Nc8 37. Rd1 Nxc5 38. bxc5 h5 39. Rd8 1-0

[Event "December 5 Late 2023"]
[Site "https://www.chess.com"]
[Date "2023.12.05"]
[Round "8"]
[White "Tokhirjonova, Gulrukhbegim"]
[Black "Minko, Dmitry"]
[Result "1-0"]
[Board "49"]
[TimeControl "180+1"]
[WhiteFideId "14203626"]
[BlackFideId "24188468"]
[WhiteElo "2644"]
[BlackElo "2495"]
[WhiteTeam "USA"]
[BlackTeam "FID"]
[WhiteClock "0:01:52"]
[BlackClock "0:01:39"]

1. c4 e6 2. Nc3 d5 3. cxd5 exd5 4. d4 Nf6 5. Nf3 c6 6. Bf4 Bd6 7. Bg3 Bf5 8. e3 Bxg3 9. hxg3 Nbd7 10. Bd3 Bxd3 11. Qxd3 h6 12. O-O O-O 13. b4 a6 14. a4 Nb6 15. Ne5 Nfd7 16. b5 cxb5 17. axb5 a5 18. Ne2 Qe7 19. Nf3 Nc4 20. Nf4 Ndb6 21. Nxd5 Nxd5 22. Qxc4 Nb4 23. Rfc1 Rfc8 24. Qxc8+ Rxc8 25. Rxc8+ Kh7 26. Rxa5 Qd7 27. Raa8 f6 28. Nh4 g5 29. Rh8+ Kg7 30. Rag8+ Kf7 31. Rh7+ Kxg8 32. Rxd7 gxh4 1-0

[Event "December 5 Late 2023"]
[Site "https://www.chess.com"]
[Date "2023.12.05"]
[Round "8"]
[White "Ehlvest, Jaan"]
[Black "Ladan, Nicholas"]
[Result "1-0"]
[Board "50"]
[TimeControl "180+1"]
[WhiteFideId "4500016"]
[BlackFideId "30918855"]
[WhiteElo "2643"]
[BlackElo "2491"]
[WhiteTeam "USA"]
[BlackTeam "USA"]
[WhiteClock "0:01:13"]
[BlackClock "0:00:11"]

1. e4 e5 2. Nf3 Nc6 3. Bb5 a6 4. Ba4 g6 5. c3 Bg7 6. d4 b5 7. Bc2 exd4 8. cxd4 d6 9. h3 Nf6 10. O-O O-O 11. Nc3 Re8 12. Re1 h6 13. a3 Bb7 14. Bf4 Nh5 15. Be3 Ne7 16. Qd2 Kh7 17. Rad1 Qd7 18. d5 f5 19. exf5 Nxf5 20. g4 Nxe3 21. Rxe3 Rxe3 22. fxe3 Nf6 23. Nh4 Nxg4 24. Nxg6 Kg8 25. Bf5 Qe8 26. hxg4 c6 27. e4 cxd5 28. Nxd5 Qd8 29. Nde7+ Kf7 30. Qf2 Bf6 31. e5 Bg5 32. Be6+ Kg7 33. Qf7# 1-0

[Event "December 5 Late 2023"]
[Site "https://www.chess.com"]
[Date "2023.12.05"]
[Round "8"]
[White "Omelja, Artem"]
[Black "Della Morte, German"]
[Result "1-0"]
[Board "51"]
[TimeControl "180+1"]
[WhiteFideId "14119846"]
[BlackFideId "113522"]
[WhiteElo "2626"]
[BlackElo "2483"]
[WhiteTeam "UKR"]
[BlackTeam "ARG"]
[WhiteClock "0:02:06"]
[BlackClock "0:01:55"]

1. d4 Nf6 2. c4 e6 3. Nf3 d5 4. Nc3 Be7 5. cxd5 exd5 6. Bf4 c6 7. e3 O-O 8. h3 Bf5 9. Nh4 Bg6 10. Bd3 Nbd7 11. Nf5 Bb4 12. O-O Re8 13. Qb3 Bxc3 14. bxc3 Bxf5 15. Bxf5 Qb6 16. c4 Qxb3 17. axb3 Nf8 18. Be5 a6 19. Bxf6 gxf6 20. cxd5 cxd5 21. Ra5 Red8 22. Rc1 Ne6 23. b4 Rd6 24. b5 Rad8 25. bxa6 bxa6 26. Bd3 Ra8 27. Rc3 Kg7 28. Bc2 Rb8 29. Bd3 Rbb6 30. Kf1 h5 31. h4 Kf8 32. Ke2 Ke7 33. Kf3 Kd7 34. g4 hxg4+ 35. Kxg4 Nc7 36. h5 Ke7 37. Rxc7+ 1-0

[Event "December 5 Late 2023"]
[Site "https://www.chess.com"]
[Date "2023.12.05"]
[Round "8"]
[White "Agibileg, Uurtsaikh"]
[Black "Kraiouchkine, Nikita"]
[Result "0-1"]
[Board "52"]
[TimeControl "180+1"]
[WhiteFideId "4901606"]
[BlackFideId "2607140"]
[WhiteElo "2625"]
[BlackElo "2481"]
[WhiteTeam "MGL"]
[BlackTeam "CAN"]
[WhiteClock "0:00:00"]
[BlackClock "0:00:04"]

1. d4 d5 2. c4 c6 3. Nf3 Nf6 4. Nc3 dxc4 5. g3 e6 6. Ne5 b5 7. Bg2 Nd5 8. O-O Be7 9. e4 Nxc3 10. bxc3 Bb7 11. a4 Nd7 12. f4 Nxe5 13. fxe5 O-O 14. h4 b4 15. cxb4 Bxb4 16. Be3 c5 17. d5 Bc3 18. Rc1 Bxe5 19. Bxc5 Bd6 20. Bxd6 Qxd6 21. Rxc4 exd5 22. exd5 Qxg3 23. Rg4 Qd6 24. Kh1 f6 25. h5 Rad8 26. h6 g6 27. Rd4 Qe5 28. Qd2 Rfe8 29. Rb1 Qh5+ 30. Kg1 Re2 31. Qa5 Rde8 32. Qc7 R2e7 33. Qg3 Rd7 34. Bf3 Qe5 35. Qxe5 fxe5 36. Rdd1 e4 37. Re1 Bxd5 38. Bg4 Rd6 39. Rbd1 Re5 40. Rd4 Rg5 0-1

[Event "December 5 Late 2023"]
[Site "https://www.chess.com"]
[Date "2023.12.05"]
[Round "8"]
[White "Golubev, Mikhail"]
[Black "Topalov, Aleksandar"]
[Result "1-0"]
[Board "53"]
[TimeControl "180+1"]
[WhiteFideId "14100983"]
[BlackFideId "925659"]
[WhiteElo "2623"]
[BlackElo "2460"]
[WhiteTeam "UKR"]
[BlackTeam "SRB"]
[WhiteClock "0:00:16"]
[BlackClock "0:00:15"]

1. e4 e6 2. d4 d5 3. Bd3 dxe4 4. Bxe4 Nf6 5. Bf3 c5 6. Ne2 Nc6 7. Be3 e5 8. Bxc6+ bxc6 9. dxe5 Qxd1+ 10. Kxd1 Ng4 11. Nd2 Ba6 12. Nf3 Be7 13. Ke1 Nxe3 14. fxe3 O-O-O 15. Nc3 g5 16. h3 h5 17. Rd1 Rdg8 18. Kf2 g4 19. hxg4 hxg4 20. Nd2 Kc7 21. Kg3 Bg5 22. Nde4 Bxe3 23. Nf6 Rxh1 24. Rxh1 Rg5 25. Rh7 Rxe5 26. Rxf7+ Kb6 27. Nd7+ 1-0

[Event "December 5 Late 2023"]
[Site "https://www.chess.com"]
[Date "2023.12.05"]
[Round "8"]
[White "Zhou, Qiyu"]
[Black "Gubajdullin, Alexei"]
[Result "0-1"]
[Board "54"]
[TimeControl "180+1"]
[WhiteFideId "505161"]
[BlackFideId "4141202"]
[WhiteElo "2435"]
[BlackElo "2611"]
[WhiteTeam "CAN"]
[BlackTeam "RUS"]
[WhiteClock "0:01:06"]
[BlackClock "0:02:08"]

1. e4 g6 2. d4 Bg7 3. Be3 d6 4. f3 a6 5. Qd2 b5 6. Nc3 Nd7 7. O-O-O Bb7 8. g4 h5 9. g5 e6 10. h4 Ne7 11. Kb1 b4 12. Nce2 a5 13. Nc1 Qc8 14. Bd3 Ba6 15. f4 Nb6 16. Nf3 Bc4 17. Qe2 Qa6 18. Nd2 Bxd3 19. Qxd3 d5 20. Rhe1 dxe4 21. Nxe4 Nf5 22. Bf2 Nd5 23. Nc5 Qc6 24. Qe4 O-O 25. Ka1 a4 26. N1d3 a3 27. b3 Ra5 28. Rc1 Rxc5 29. Nxc5 Qxc5 30. c4 Nxd4 31. cxd5 Nxb3+ 32. Kb1 Nd2# 0-1

[Event "December 5 Late 2023"]
[Site "https://www.chess.com"]
[Date "2023.12.05"]
[Round "8"]
[White "Manukyan, Sargis A."]
[Black "Play, Gilles"]
[Result "0-1"]
[Board "55"]
[TimeControl "180+1"]
[WhiteFideId "13303970"]
[BlackFideId "45130892"]
[WhiteElo "2589"]
[BlackElo "2436"]
[WhiteTeam "ARM"]
[BlackTeam "FRA"]
[WhiteClock "0:00:03"]
[BlackClock "0:00:50"]

1. d4 Nf6 2. c4 d5 3. cxd5 Nxd5 4. e4 Nf6 5. Nc3 e5 6. dxe5 Qxd1+ 7. Nxd1 Nxe4 8. a3 Nc6 9. Nf3 Bg4 10. Bb5 O-O-O 11. Bxc6 bxc6 12. Ne3 Bxf3 13. gxf3 Nc5 14. Ke2 Nb3 15. Rb1 Nd4+ 16. Kd3 Nxf3+ 17. Ke4 Ng5+ 18. Kf5 Rd4 19. f4 h5 20. Nc2 Be7 21. e6 Rd5# 0-1

[Event "December 5 Late 2023"]
[Site "https://www.chess.com"]
[Date "2023.12.05"]
[Round "8"]
[White "Mendez Fortes, Eduardo Jesus"]
[Black "Lopusiewicz, Piotr"]
[Result "1-0"]
[Board "56"]
[TimeControl "180+1"]
[WhiteFideId "3502376"]
[BlackFideId "1116029"]
[WhiteElo "2586"]
[BlackElo "2435"]
[WhiteTeam "CUB"]
[BlackTeam "POL"]
[WhiteClock "0:01:08"]
[BlackClock "0:00:00"]

1. e4 e5 2. Nf3 Nc6 3. Bb5 a6 4. Ba4 Nf6 5. O-O Be7 6. Re1 b5 7. Bb3 O-O 8. c3 d5 9. exd5 Nxd5 10. Nxe5 Nxe5 11. Rxe5 Bb7 12. d4 Bf6 13. Re1 Re8 14. Na3 b4 15. cxb4 Nxb4 16. Rxe8+ Qxe8 17. Nc2 Nxc2 18. Bxc2 Qc6 19. f3 Rd8 20. Be3 Qe6 21. Bf2 c5 22. Bb3 Qf5 23. Qe2 cxd4 24. Re1 g6 25. Rd1 d3 26. Qd2 Bg5 27. Qb4 Qb5 28. Qc3 Qc6 29. Qxc6 Bxc6 30. Bc4 Bb5 31. Bxb5 axb5 32. g3 Bf6 33. b3 Bc3 34. f4 b4 35. Kg2 f5 36. Kf3 Kf7 37. Ke3 Bd4+ 38. Kf3 Bxf2 39. Kxf2 Ra8 40. Rd2 Ke6 41. Ke3 Rc8 42. Rxd3 Rc2 43. Rd2 Rc3+ 44. Kd4 Kd6 45. Rb2 Rf3 46. Kc4 h5 47. Kxb4 h4 48. Rg2 h3 49. Rc2 Rf1 50. a4 Rg1 51. Rc8 Rg2 52. Rh8 Rxh2 53. a5 1-0

[Event "December 5 Late 2023"]
[Site "https://www.chess.com"]
[Date "2023.12.05"]
[Round "8"]
[White "Chaika, Vitalii"]
[Black "Garcia Ramos, Daniel"]
[Result "0-1"]
[Board "57"]
[TimeControl "180+1"]
[WhiteFideId "14111802"]
[BlackFideId "32010311"]
[WhiteElo "2421"]
[BlackElo "2583"]
[WhiteTeam "UKR"]
[BlackTeam "ESP"]
[WhiteClock "0:00:02"]
[BlackClock "0:00:29"]

1. d4 Nf6 2. Bf4 b6 3. e3 Bb7 4. h3 g6 5. Nf3 Bg7 6. Be2 O-O 7. O-O d6 8. a4 a6 9. Nbd2 Nbd7 10. c3 e6 11. Bh2 Qe7 12. Qb3 Ne4 13. Nxe4 Bxe4 14. Nd2 Bb7 15. Bf3 Bxf3 16. Nxf3 e5 17. Qc4 e4 18. Nd2 Ra7 19. Qc6 f5 20. a5 b5 21. c4 Rb8 22. Rfc1 Nf6 23. Rc2 Qd7 24. cxb5 Rxb5 25. Qc4+ Nd5 26. Qa4 Rab7 27. Rac1 Nb4 28. Rc3 c6 29. Nc4 Bf8 30. Nb6 Qf7 31. Ra1 c5 32. dxc5 dxc5 33. Qd1 Nd3 34. Nc4 Nxb2 35. Nxb2 Rxb2 36. Be5 R2b3 37. Rc4 Qxc4 38. Rc1 Qxc1 39. Qxc1 Rb1 0-1

[Event "December 5 Late 2023"]
[Site "https://www.chess.com"]
[Date "2023.12.05"]
[Round "8"]
[White "Espinoza Villanueva, Rodrigo"]
[Black "Spichkin, Alexander"]
[Result "0-1"]
[Board "58"]
[TimeControl "180+1"]
[WhiteFideId "5140188"]
[BlackFideId "4144074"]
[WhiteElo "2580"]
[BlackElo "2405"]
[WhiteTeam "MEX"]
[BlackTeam "RUS"]
[WhiteClock "0:00:00"]
[BlackClock "0:01:05"]

1. d4 e6 2. Nf3 f5 3. h3 Nf6 4. Bf4 b6 5. c4 Bb7 6. e3 Bb4+ 7. Nfd2 Ne4 8. a3 Bxd2+ 9. Nxd2 O-O 10. Nxe4 Bxe4 11. f3 Bb7 12. h4 d6 13. h5 h6 14. Be2 Nd7 15. Qa4 e5 16. Bh2 f4 17. O-O-O fxe3 18. dxe5 Nc5 19. Qc2 Qg5 20. f4 Qxg2 21. Rhg1 Qe4 22. exd6 Qxc2+ 23. Kxc2 Be4+ 24. Kc3 cxd6 25. Rxd6 Rad8 26. Rgd1 Rxd6 27. Rxd6 Bf5 28. Bf3 Re8 29. Bg3 e2 30. Kd2 Bg4 31. Bd5+ Kh8 32. Be1 Bxh5 33. f5 Bg4 34. f6 gxf6 35. Rxf6 Kg7 36. Rf7+ Kg6 37. Rxa7 h5 38. Bf7+ Kg5 39. Bxe8 h4 40. Bc6 h3 41. Rg7+ Kf4 42. b4 Ne6 43. Rf7+ Kg5 44. Rb7 h2 45. Rxb6 Nd4 46. Bb7 Bf3 47. c5 h1=Q 0-1

[Event "December 5 Late 2023"]
[Site "https://www.chess.com"]
[Date "2023.12.05"]
[Round "8"]
[White "Iskusnyh, Sergei"]
[Black "YurasovMat-2012"]
[Result "1-0"]
[Board "59"]
[TimeControl "180+1"]
[WhiteFideId "4120027"]
[WhiteElo "2575"]
[BlackElo "2403"]
[WhiteTeam "RUS"]
[WhiteClock "0:00:24"]
[BlackClock "0:00:00"]

1. d4 d5 2. c4 c6 3. Nf3 Nf6 4. e3 Bf5 5. Nc3 e6 6. Nh4 Be4 7. f3 Bg6 8. Nxg6 hxg6 9. Bd2 Bd6 10. Qb3 Nbd7 11. Qxb7 Bxh2 12. O-O-O Qc8 13. Qb3 Rb8 14. Qc2 Rh7 15. Bd3 Kf8 16. g4 Kg8 17. g5 Ne8 18. f4 Nd6 19. c5 Nf5 20. Bxf5 exf5 21. Kb1 Rh5 22. Be1 Qe8 23. Rxh2 Rxh2 24. Qxh2 Qxe3 25. Qg3 Qe7 26. Bd2 Nf8 27. Rh1 Qb7 28. Bc1 Qb4 29. Qh3 f6 30. gxf6 gxf6 31. Qe3 Kf7 32. Re1 Qb7 33. a3 Qd7 34. Rh1 Kg7 35. Qh3 Kf7 36. Qh8 Re8 37. Ka2 Re6 38. Rh7+ Ke8 39. Rxd7 1-0

[Event "December 5 Late 2023"]
[Site "https://www.chess.com"]
[Date "2023.12.05"]
[Round "8"]
[White "Ozates, Tuna"]
[Black "Bonin, Jay"]
[Result "1/2-1/2"]
[Board "60"]
[TimeControl "180+1"]
[WhiteFideId "6354521"]
[BlackFideId "2000644"]
[WhiteElo "2575"]
[BlackElo "2401"]
[WhiteTeam "TUR"]
[BlackTeam "USA"]
[WhiteClock "0:00:04"]
[BlackClock "0:00:18"]

1. e4 e5 2. Nf3 Nc6 3. Bc4 Bc5 4. c3 Nf6 5. d3 O-O 6. Nbd2 h6 7. O-O d6 8. h3 a5 9. Re1 Be6 10. Bb5 Qb8 11. Bxc6 bxc6 12. d4 exd4 13. cxd4 Ba7 14. Nf1 d5 15. e5 Ne4 16. Ne3 f6 17. exf6 Rxf6 18. Ng4 Rf8 19. Nge5 Qb6 20. b3 c5 21. Be3 cxd4 22. Nxd4 c5 23. Ndc6 Rae8 24. Nxa7 Qxa7 25. Ng6 Rf6 26. Nf4 Bf7 27. f3 d4 28. fxe4 dxe3 29. Nd5 Rfe6 30. Rxe3 c4 31. Kh1 Rxe4 32. Rxe4 Rxe4 33. bxc4 Rxc4 34. Qf3 Qc5 35. Rd1 Rc1 36. Ne7+ Kf8 37. Ng6+ Kg8 38. Ne7+ Kf8 39. Ng6+ Kg8 40. Ne7+ 1/2-1/2

[Event "December 5 Late 2023"]
[Site "https://www.chess.com"]
[Date "2023.12.05"]
[Round "8"]
[White "Soderstrom, Adrian"]
[Black "Sari, Yasin"]
[Result "1-0"]
[Board "61"]
[TimeControl "180+1"]
[WhiteFideId "1745786"]
[BlackFideId "6320902"]
[WhiteElo "2571"]
[BlackElo "2393"]
[WhiteTeam "SWE"]
[BlackTeam "TUR"]
[WhiteClock "0:00:52"]
[BlackClock "0:00:00"]

1. Nf3 d5 2. d4 Nf6 3. c4 c6 4. Qb3 dxc4 5. Qxc4 g6 6. g3 Bg7 7. Bg2 O-O 8. O-O Be6 9. Qc2 Bf5 10. Qb3 Qb6 11. Nbd2 Ne4 12. Nc4 Qa6 13. Ne3 Be6 14. Qc2 Nd6 15. b3 Nf5 16. Nxf5 Bxf5 17. e4 Bg4 18. Bb2 Nd7 19. Rfe1 c5 20. d5 Rac8 21. Bxg7 Kxg7 22. Qb2+ Kg8 23. Bf1 Qf6 24. Qxf6 exf6 25. Nd2 Ne5 26. Kg2 g5 27. h3 Bd7 28. f4 gxf4 29. gxf4 Ng6 30. Kf3 b5 31. Be2 a6 32. Rg1 Kh8 33. Rg3 f5 34. e5 Ne7 35. d6 Bc6+ 36. Kf2 Ng6 37. Ke3 Rfe8 38. Bf3 f6 39. Bxc6 Rxc6 40. Nf3 fxe5 41. Nxe5 Nxe5 42. fxe5 Rxe5+ 43. Kf4 Re8 44. Rd1 c4 45. d7 Rd8 46. Re3 1-0

[Event "December 5 Late 2023"]
[Site "https://www.chess.com"]
[Date "2023.12.05"]
[Round "8"]
[White "Bijaoui, Manuel"]
[Black "Micic, Aleksa"]
[Result "0-1"]
[Board "62"]
[TimeControl "180+1"]
[WhiteFideId "626783"]
[BlackFideId "989940"]
[WhiteElo "2558"]
[BlackElo "2373"]
[WhiteTeam "FRA"]
[BlackTeam "SRB"]
[WhiteClock "0:00:39"]
[BlackClock "0:00:23"]

1. e4 c5 2. Nf3 d6 3. d4 cxd4 4. Nxd4 Nf6 5. Nc3 g6 6. Be3 Bg7 7. f3 O-O 8. Qd2 Nc6 9. g4 Be6 10. Nxe6 fxe6 11. O-O-O Ne5 12. Be2 Qc8 13. h4 Nc4 14. Bxc4 Qxc4 15. h5 Nd7 16. hxg6 hxg6 17. Rh3 Bxc3 18. Qxc3 Qxc3 19. bxc3 Kf7 20. Rh7+ Ke8 21. Bg5 Rf7 22. Rdh1 Nf8 23. Rh8 Kd7 24. f4 Rc8 25. Kd2 e5 26. f5 e6 27. f6 d5 28. Kd3 dxe4+ 29. Kxe4 Rc4+ 30. Kxe5 Rxg4 31. Rxf8 Rxg5+ 32. Kf4 Rf5+ 33. Ke4 Rxf8 34. Rh7+ Kc6 35. Rf7 Rxf7 0-1

[Event "December 5 Late 2023"]
[Site "https://www.chess.com"]
[Date "2023.12.05"]
[Round "8"]
[White "Przybylski, Wojciech"]
[Black "Stevens, Matthew"]
[Result "0-1"]
[Board "63"]
[TimeControl "180+1"]
[WhiteFideId "1117599"]
[BlackFideId "2067633"]
[WhiteElo "2557"]
[BlackElo "2367"]
[WhiteTeam "POL"]
[BlackTeam "USA"]
[WhiteClock "0:00:00"]
[BlackClock "0:00:07"]

1. e4 c6 2. d4 d5 3. e5 c5 4. dxc5 Nc6 5. Nf3 Bg4 6. h3 Bxf3 7. Qxf3 e6 8. Bf4 Bxc5 9. Nd2 Nge7 10. Nb3 Bb6 11. Qe2 Ng6 12. Bg3 O-O 13. f4 Rc8 14. Qd2 Na5 15. Nxa5 Bxa5 16. b4 Bb6 17. Bf2 Bxf2+ 18. Qxf2 Qc7 19. Bd3 Qc3+ 20. Ke2 Qxb4 21. g3 b6 22. Rhb1 Qc5 23. a4 Rc7 24. a5 Qxf2+ 25. Kxf2 bxa5 26. Rxa5 Ne7 27. Rba1 Ra8 28. Ke3 g6 29. g4 Kf8 30. R1a4 Nc8 31. Rb4 Ke7 32. f5 Kd8 33. Kf4 Ne7 34. Rba4 Nc6 35. Rc5 g5+ 36. Kxg5 Nxe5 37. Rxc7 Kxc7 38. Kf6 Nxd3 39. cxd3 exf5 40. gxf5 Kd6 41. Kxf7 Ke5 42. f6 a5 43. Kg7 Ke6 44. Ra1 Ra7+ 45. Kh6 Kxf6 46. Ra4 Ke5 47. h4 Kd6 48. h5 Kc5 49. d4+ Kb5 50. Ra1 a4 51. Rb1+ Kc4 52. Rb8 a3 53. Rh8 a2 54. Rc8+ Kxd4 55. Ra8 Rxa8 0-1